Workbook

Sheet Guidance
B1: #VALUE!
B2: Personal Trainer Mapping Template
B3: Edition: V1.5
B4: Publication date: 1st August 2024
B6: Mapping Guidance - you are here!
B7: Mapping template to reference and evidence where the professional standard is being met by the course/ participant/ qualification
B8: N.B. Examples (e.g.) are given within the LDRs to provide an overview of the knowledge and skills most relevant to the role. It is not mandatory to assess learners against 100% of the examples provided, however, sufficient coverage to ensure occupational competence on achievement must be ensured. This will be reviewed as part of the CIMSPA endorsement process.
B9: For non-regulated qualifications (CPD), where an Education Partner does not meet the full CIMSPA professional standard, it is important to note, that the Education Partner must meet a full Knowledge or Skill LDR. For example, all three sections within K1.1 would need to evidenced for that LDR to partially map to the professional standard.
B10: For further information around product development guidance, please refer to the professional standard within the professional standard library; https://www.cimspa.co.uk/education-training/professional-standards/professional-standards-library/
B11: Alternatively, please view our CIMPSA Partner Endorsement Guide;https://cimspa.co.uk/education-training/endorsement/
B13: Revision History
B14: Version | C14: Name & Role | D14: Signature & Date | E14: Reason for Change
B15: V1.5 | C15: Aidan Riley Education Officer | D15: AR 08/07/24 | E15: Update to general formatting & implementation of conditional formating to streamline moderator feedback.
B19: E endorsements@cimspa.co.uk T 03438 360200 W www.cimspa.co.uk
B20: Chartered Institute for the Management of Sport and Physical Activity,
B21: SportPark Loughborough University, 3 Oakwood Drive, Loughborough, Leicestershire LE11 3QF
B22: Incorporated by Royal Charter Charity Registration No. 1144545

Sheet Mapping Template
E1: Education Product Title: INSERT HERE
A2: Professional Standard: Personal Trainer | E2: Partner Mapping Section | J2: Moderator Feedback Section | Q2: IV Feedback Section
A3: Topic | B3: Competency | D3: Learning Outcome(s) | E3: Evidence (sign post to SOW / course specification / supporting documents) | F3: Assessment Method | G3: Further Comments (expand on evidence within column E) | H3: Response to Moderator Feedback Section (second review evidence - if applicable) | J3: Score | K3: Mapping to Point | L3: % Mapped to Section | M3: Moderator comments | N3: General Feedback (first review) | O3: General Feedback (second review - if applicable) | Q3: IV Comments
A4: 1. Anatomy, physiology and kinesiology | B4: Ref | C4: Knowledge and Understanding (K&U): | D4: A Personal Trainer must:
B5: K1.1 | C5: Bones | D5: • Understand the classification and structure of bones: ­ Long, short, flat, sesamoid, irregular. ­ Compact and spongy/cancellous tissue, articular cartilage, epiphysis, diaphysis, periosteum, epiphyseal plates, bone marrow, the vertebral column (cervical, thoracic, lumbar, sacral and coccygeal), stages of bone growth, remodelling process, ageing process, osteoblasts and osteoclasts. | K5: {=IF((AND(J5:J7=1)), "Fully Mapped", "Not/ Partially Mapped")} -> Not/ Partially Mapped | L5: =SUM('Workings Out'!B5:B24) -> 0
D6: • Understand the function of bones: ­ Muscle attachments and levers ­ Protection of internal organs ­ Red and white blood cell production ­ Stages of bone growth - remodelling process, ageing process ­ The role of osteoblasts, osteoclasts, hormonal contribution, body weight, calcium and vitamin D in bone density.
D7: • Understand the effects of exercise on bones: ­ Weight bearing and non-weight-bearing exercise. ­ Acute and chronic effects. ­ Stabilisation of the body. ­ Neutral spine alignment. ­ Potential ranges of movement of the spine. ­ Transmission of stress caused by impact, body weight, bone density.
B8: K1.2 | C8: Joints | D8: • Understand the classification and structure of joints: ­ Fibrous, cartilaginous, synovial. ­ Joint capsule, synovial membrane, synovial fluid, ligaments, tendons and cartilage (hyaline and fibrocartilage), curves/regions of the spine. | K8: {=IF((AND(J8:J10=1)), "Fully Mapped", "Not/ Partially Mapped")} -> Not/ Partially Mapped
D9: • Understand the function of joints: ­ Joint movement terminology: flexion and extension, adduction and abduction, circumduction, supination and pronation, plantar flexion and dorsiflexion, lateral flexion and extension, horizontal flexion and extension, elevation and depression, inversion and eversion, tensile strength of ligaments. ­ Planes of motion: transverse, frontal and sagittal. ­ Joint stability, passive and active structures, shock absorption: e.g. natural curves of the spine.
D10: • Understand the effects of exercise on joints: ­ Effect of muscle contractions and movements: e.g. posture, impact, body weight. ­ Active stability of joints: key joints at risk (spine, shoulder joint). ­ Risks: lack of biomechanical efficiency, reduction in transmission of stress, increased risk of injury, increased loading placed on synergists.
B11: K1.3 | C11: Muscles | D11: • Understand the classification and structure of muscles: ­ Cardiac, smooth, skeletal. ­ Connective tissue (epimysium, perimysium, endomysium). ­ Muscle fibres - slow twitch type I (slow oxidative), fast twitch (type 2a: fast oxidative glycolytic and type 2b: fast glycolytic). ­ Muscles and muscle attachment sites (origins and insertions), to cover: ○ Rotator cuff: SITS (S: supraspinatus I: infraspinatus T: teres minor S: subscapularis). ○ Shoulder girdle: levator scapulae, pectoralis minor, serratus anterior, trapezius, rhomboids major/minor, teres major. ○ Spinal extensors: erector spinae, iliocostalis, longissimus, spinalis, multifidus, quadratus lumborum. ○ Hip flexors (iliopsoas): iliacus, psoas major. ○ Adductors: magnus, brevis, longus, pectineus, gracilis, sartorius. ○ Abductors: gluteus medius, gluteus minimus, piriformis, tensor fascia latae. ○ Abdominals: internal and external obliques, transversus abdominus. ○ Intercostals: diaphragm. ○ ‘Core’ and pelvic floor muscles. ○ Local/deep, global/superficial muscles. | K11: {=IF((AND(J11:J13=1)), "Fully Mapped", "Not/ Partially Mapped")} -> Not/ Partially Mapped
D12: • Understand the function of muscles: ­ Muscle actions: to cover muscles listed above. ­ Roles of major muscles: prime mover (agonist), antagonist, synergist, fixators. ­ Muscle contractions: concentric and eccentric (isotonic), isometric and isokinetic. ­ The principles of muscle contraction: e.g. all or none law, sliding filament theory, stretch reflex and reverse stretch reflex, size principle of motor unit recruitment. ­ Biomechanics: 1st, 2nd and 3rd class levers. ­ ‘Core’ and pelvic floor. ­ Local/deep; global/superficial.
D13: • Understand the effects of exercise on muscles: ­ Short and long-term effects, delayed onset of muscles soreness (DOMS), muscle fatigue. ­ Response to overuse, underuse, misuse: e.g. shortening/weakening, altered roles/synergists becoming prime movers etc.
B14: K1.4 | C14: Biological systems | D14: • Understand the classification and structure of biological systems: ­ Muscular and skeletal. ­ Cardiovascular: heart (e.g. atria and ventricles), arteries, arterioles, veins, venules and capillaries. ­ Respiratory; lungs, pharynx, larynx, trachea, bronchi, bronchioles, alveoli. ­ Nervous: central nervous system and peripheral nervous system, neurons, motor units, proprioceptors (muscle spindles and Golgi tendon organs). ­ Endocrine: hormones and glands. | K14: {=IF((AND(J14:J16=1)), "Fully Mapped", "Not/ Partially Mapped")} -> Not/ Partially Mapped
D15: • Understand the function of biological systems: ­ Cardiovascular: cardiac cycle, stroke volume, cardiac output, blood pressure (systolic and diastolic). ­ Respiratory: mechanism of breathing, gaseous exchange. ­ Nervous: sensory input, interpretation, motor output. ­ Endocrine: secretion of hormones.
D16: • Understand the effects of exercise on biological systems: ­ Cardiorespiratory: short and long-term effects on blood pressure, aerobic respiration, venous return, the implications of blood pooling. ­ Nervous: motor unit recruitment, inter and intramuscular coordination, neuromuscular coordination. ­ Endocrine: hormonal responses. ­ Signs and symptoms of overtraining.
B17: K1.5 | C17: Energy systems | D17: • Understand the classification of energy systems: ­ Aerobic, anaerobic (lactate and creatine phosphate). | K17: {=IF((AND(J17:J19=1)), "Fully Mapped", "Not/ Partially Mapped")} -> Not/ Partially Mapped
D18: • Understand the function of energy systems: ­ How the energy systems function independently and how they interact with one another.
D19: • Understand the effects of exercise on energy systems: ­ ATP re-synthesis, aerobic and anaerobic threshold, effects of different training methods/systems.
B20: K1.6 | C20: Anatomical planes of movement | D20: • Understand the classification of anatomical planes of movement: ­ Frontal (coronal), sagittal and transverse. | K20: =IF((AND(J20=1)), "Fully Mapped", "Not/ Partially Mapped") -> Not/ Partially Mapped
B21: K1.7 | C21: Anatomical terms of location | D21: • Understand the classification of anatomical terms of location: ­ Superior and inferior, Anterior and posterior, Medial and lateral, Proximal and distal, Superficial and deep. | K21: =IF((AND(J21=1)), "Fully Mapped", "Not/ Partially Mapped") -> Not/ Partially Mapped
B22: K1.8 | C22: Applied biomechanics and kinesiology | D22: • Understand the effect of exercise variables on biomechanics and kinesiology: ­ Levers, gravity/centre of gravity, momentum, force, planes of motion, length-tension relationships, open and closed chain kinetic movements with examples of each and a consideration of their advantages and disadvantages. | K22: =IF((AND(J22=1)), "Fully Mapped", "Not/ Partially Mapped") -> Not/ Partially Mapped
B23: K1.9 | C23: Posture | D23: • Understand the effect of exercise on posture: ­ Core stabilisation exercises, impact on posture, potential for injury/aggravation of problems. | K23: {=IF((AND(J23:J24=1)), "Fully Mapped", "Not/ Partially Mapped")} -> Not/ Partially Mapped
D24: • Understand abnormal degrees of curvature of the spine and their implications: ­ Medical conditions associated with dysfunctional stabilisation, such as common spinal disorders.
B25: Ref | C25: Skills: | D25: A Personal Trainer must be able to:
B26: S1.1 | C26: Supporting achievement of clients' physiological goals | D26: • Apply appropriate methods and techniques to facilitate clients’ desired physiological goals. | K26: =IF((AND(J26=1)), "Fully Mapped", "Not/ Partially Mapped") -> Not/ Partially Mapped | L26: =SUM('Workings Out'!C5) -> 0
A27: 2. Lifestyle management and client motivation | B27: Ref | C27: K&U | D27: A Personal Trainer must:
B28: K2.1 | C28: Lifestyle | D28: • Understand components of a healthy lifestyle and factors that affect health and wellbeing: ­ Smoking, alcohol, nutrition, physical activity levels and preferences, weight management, rest and relaxation, relaxation training, stress (signs, symptoms, effects and management), work patterns/job, relevant personal circumstances, posture. | K28: {=IF((AND(J28:J29=1)), "Fully Mapped", "Not/ Partially Mapped")} -> Not/ Partially Mapped | L28: =SUM('Workings Out'!D5:D8) -> 0
D29: • Understand how to educate clients on the components of a healthy lifestyle: ­ As listed above.
B30: K2.2 | C30: Psychological factors influencing behaviour change | D30: • Understand psychological factors that can influence change: ­ Intrinsic and extrinsic motivation, social support and peer pressure. ­ Individual client needs and differences: e.g. experienced, inexperienced, active and inactive. ­ Motives and barriers to change: perceived and actual, self-recognition of own barriers, reinforcement. ­ Self-efficacy. ­ Relevance/use of psychological questionnaires. | K30: {=IF((AND(J30:J30=1)), "Fully Mapped", "Not/ Partially Mapped")} -> Not/ Partially Mapped
B31: K2.3 | C31: Strategies to encourage long term adherence to positive lifestyle practices | D31: • Understand a range of theories/approaches that can motivate positive behaviour change: ­ Motivational theories/approaches: e.g. arousal theories, stages of change /transtheoretical model, motivational interviewing. ­ How to identify a client’s readiness to change/characteristics of an individual at each stage of change. ­ Appropriate interventions/strategies to use at each stage: e.g. decisional balance sheet/pros and cons/cost benefit analysis, fitness testing, overcoming barriers, goal setting, behavioural modification techniques, planning for relapse/contingency planning, rewards, focusing, support systems, reinforcement strategies and self-monitoring. | K31: =IF((AND(J31=1)), "Fully Mapped", "Not/ Partially Mapped") -> Not/ Partially Mapped
B32: Ref | C32: Skills: | D32: A Personal Trainer must be able to:
B33: S2.2 | C33: Assess client's readiness to change | D33: • Use strategies to identify client’s readiness to change their behaviour/their ‘stage of change’. | K33: =IF((AND(J33=1)), "Fully Mapped", "Not/ Partially Mapped") -> Not/ Partially Mapped | L33: =SUM('Workings Out'!E5:E12) -> 0
B34: S2.1 | C34: Create a positive, motivating and empowering environment to support adherence to exercise | D34: • Clarify own role, the client’s role and responsibilities and those of any other staff/professionals involved in the programme. | K34: {=IF((AND(J34:J37=1)), "Fully Mapped", "Not/ Partially Mapped")} -> Not/ Partially Mapped
D35: • Use evidence-based strategies and techniques to create a positive, motivating and empowering environment that supports clients to participate in exercise.
D36: • Integrate appropriate motivational strategies to encourage long term adherence to exercise and other positive lifestyle practices.
D37: • Recognise personal barriers to exercise and use strategies to overcome them.
B38: S2.2 | C38: Goal setting | D38: • Set SMART goals linked to a client’s individual needs, wants and motivators. | K38: {=IF((AND(J38:J39=1)), "Fully Mapped", "Not/ Partially Mapped")} -> Not/ Partially Mapped
D39: • Monitor targets, review and evaluate progress, adapt accordingly.
B40: S2.3 | C40: On-going client support | D40: • Use strategies to maintain contact and motivate clients between sessions: e.g. phone calls, emails, social media etc. | K40: =IF((AND(J40=1)), "Fully Mapped", "Not/ Partially Mapped") -> Not/ Partially Mapped
A41: 3. Health and wellbeing | B41: Ref | C41: K&U | D41: A Personal Trainer must:
B42: K3.1 | C42: Health conditions and medically controlled diseases | D42: • Understand a range of health conditions and medically controlled diseases: ­ Common conditions and diseases: e.g. obesity, osteoporosis, mental health problems (stress/depression/anxiety), back pain, hypertension, angina, coronary heart disease (CHD), pre-diabetes and diabetes, prevalent forms of arthritis, stroke, cancer, asthma, chronic obstructive pulmonary disease (COPD), chronic fatigue, eating disorders. | K42: =IF((AND(J42=1)), "Fully Mapped", "Not/ Partially Mapped") -> Not/ Partially Mapped | L42: =SUM('Workings Out'!F5:F9) -> 0
B43: K3.2 | C43: Health screening and risk stratification | D43: • Know evidence-based pre-exercise health screening methods: ­ e.g. PAR-Q, PAR-Q+, organisation/employer devised methods. | K43: {=IF((AND(J43:J44=1)), "Fully Mapped", "Not/ Partially Mapped")} -> Not/ Partially Mapped
D44: • Understand risk stratification models and when to signpost or refer clients to other specialist exercise professionals and/or medical professionals: ­ How to risk stratify clients: clear understanding of the absolute contraindications to exercise and factors that indicate that a client is at ‘low, medium or high risk’ of an adverse event occurring during exercise/propensity for risk. ­ Recognised tools: e.g. Irwin and Morgan traffic light system, ACSM categories, national/locally agreed protocols/referral pathways (where/when they exist). ­ Relevant health history, current health status, particularly in relation to risk factors for heart disease, the identification of medical conditions that would necessitate medical clearance or referral to an appropriate medical professional or other clinician or medically supervised exercise programme, past and present injuries and disabilities. ­ Gaining informed consent.
B45: K3.3 | C45: Health promotion | D45: • Know how to seek evidence-based/reputable health and wellbeing advice: ­ Organisations and websites where information can be sought/clients can be signposted to e.g. NHS Choices, British Heart Foundation, SSHES Active, Change 4 Life Department of Health Campaign, Diabetes UK etc. ­ UK Chief Medical Officer national recommended guidelines for physical activity and health. ­ Evidence-based health benefits of physical activity. ­ Dose-response relationship. ­ How to research unfamiliar medical conditions in relation to exercise participation/advice. | K45: {=IF((AND(J45:J46=1)), "Fully Mapped", "Not/ Partially Mapped")} -> Not/ Partially Mapped
D46: • Understand professional role and scope of practice in relation to other relevant specialists when offering health and wellbeing advice and guidance: ­ e.g. roles and scope of practice of personal trainers, doctors, physiologists, physiotherapists, occupational therapists, strength and conditioning coach, dietitian/nutritionists, exercise referral instructors etc. ­ Liaising with other professionals regarding unfamiliar medical conditions.
B47: Ref | C47: Skills: | D47: A Personal Trainer must be able to:
B48: S3.1 | C48: Health screening and risk stratification | D48: • Use recognised pre-exercise health screening and risk stratification methods to assess a client’s readiness to exercise and potential need to signpost or refer to other specialist exercise professionals and/or medical professionals. | K48: =IF((AND(J48=1)), "Fully Mapped", "Not/ Partially Mapped") -> Not/ Partially Mapped | L48: =SUM('Workings Out'!G5:G6) -> 0
B49: S3.2 | C49: Health promotion | D49: • Offer advice and guidance within scope of practice to promote positive healthy lifestyle choices. | K49: =IF((AND(J49=1)), "Fully Mapped", "Not/ Partially Mapped") -> Not/ Partially Mapped
A50: 4. Exercise programme design and delivery | B50: Ref | C50: K&U | D50: A Personal Trainer must:
B51: K4.1 | C51: Consultations, assessments and reviews | D51: • Understand the consultation process: ­ How to conduct a 1:1 consultation. ­ Use of lifestyle questionnaires to gather relevant information: e.g. previous and current level of activity, exercise likes/dislikes etc. | K51: {=IF((AND(J51:J53=1)), "Fully Mapped", "Not/ Partially Mapped")} -> Not/ Partially Mapped | L51: =SUM('Workings Out'!H5:H14) -> 0
D52: • Understand how to select and implement client assessments: ­ Selecting assessments appropriate to the client and assessment conditions: to cover with/without equipment, individual versus group assessment, factors affecting assessment validity, reliability and objectivity. ­ Range of assessments: e.g. resting heart rate and blood pressure, cardio-respiratory fitness, muscular strength, muscular endurance, flexibility, body composition, contraindications and limitations for testing. ­ Postural assessment to include static and dynamic postural analysis, optimal postural alignment, postural deficiencies/deviations.
D53: • Understand how to monitor and review client progress: ­ The use of regular assessments to monitor client progress towards goal achievement. ­ How to revise an exercise programme in consultation with a client based on results/goals/individual needs/changing circumstances.
B54: K4.2 | C54: Goal setting | D54: • Understand how to set and adapt meaningful SMART goals linked to a client’s individual needs, wants and motivators. ­ How to set goals with clients. ­ How to evaluate client progress through the monitoring and review of agreed goals. ­ How to adapt goals according to progress and individual circumstances. | K54: =IF((AND(J54=1)), "Fully Mapped", "Not/ Partially Mapped") -> Not/ Partially Mapped
B55: K4.3 | C55: Designing and tailoring exercise programmes | D55: • Understand how to design and tailor exercise programmes for a range of clients within scope of practice: ­ Including: sedentary, recovering from injury, over-trained, high-level performer, sport specific performer, clients with low-risk health conditions, etc. ­ How to apply the principles of training to exercise programme design to develop, cardiovascular endurance, muscular strength (hypertrophy and endurance), flexibility, body composition, posture and core stability, motor skills. ­ The advantages and disadvantages of exercising at various intensities for: sedentary (untrained) experienced (trained), high-level performers (well trained). | K55: {=IF((AND(J55:J56=1)), "Fully Mapped", "Not/ Partially Mapped")} -> Not/ Partially Mapped
D56: • Know a range of different protocols and tools: ­ Calculations of repetition maximums (1RM – 10RM). ­ Methods of monitoring exercise intensity to include: maximum heart rate formula, rate of perceived exertion (RPE) scales, both 6-20 and 1-10, metabolic equivalents (METs), kilocalories per hour (Kcal.hr), visual assessment and verbal assessment (talk test). ­ The repetition ranges for strength, power, endurance and muscle hypertrophy. ­ Heart rate training zone models for developing aerobic and anaerobic capacity. ­ The current ACSM or other recognised International guidelines for developing the different components of fitness. ­ Relevant guidelines for hands-on-contact with clients (with reference to relevant code of ethics/health and safety guidelines) ­ The reasons for using periodisation or progressive programming and the principles behind them.
B57: K4.4 | C57: Variables | D57: • Understand the variables of training and how to tailor exercise programmes to support goal achievement: ­ How to manipulate the FITT principle to tailor exercise programmes: e.g. choice of exercises, sequence of exercise, resistance and repetitions, number of sets, rest between sets (recovery), speed of movement, type of muscle contraction, duration of session, rest between sessions, volume of training, split routines, development of aerobic and anaerobic CV fitness, strength, endurance, hypertrophy, speed and power etc. | K57: =IF((AND(J57=1)), "Fully Mapped", "Not/ Partially Mapped") -> Not/ Partially Mapped
B58: K4.5 | C58: Principles of training | D58: • Understand the principles of training and how they relate to exercise programme design: ­ Including specificity, progressive overload, reversibility, adaptability, individuality and recovery time and how they relate to individual wants, goals and needs. ­ The importance of adequate rest phases between training loads and the signs and symptoms of overtraining. | K58: =IF((AND(J58=1)), "Fully Mapped", "Not/ Partially Mapped") -> Not/ Partially Mapped
B59: K4.6 | C59: Exercise modes and training environments | D59: • Understand how to design and deliver different modes of exercise in different environments: ­ Different environments: e.g. gym-based, studio-based, sports hall, outdoors, home-based or confined space. ­ Exercise modes: e.g. resistance training (machines, free-weights, body-weight), CV training, circuit training, body conditioning, core exercise, flexibility training etc. | K59: =IF((AND(J59=1)), "Fully Mapped", "Not/ Partially Mapped") -> Not/ Partially Mapped
B60: K4.7 | C60: Small group training | D60: • Understand how to design sessions that can be delivered to small groups ensuring the safety of all clients at all times: ­ How to design effective small group PT sessions. ­ How to balance the needs of the individual and the group. | K60: =IF((AND(J60=1)), "Fully Mapped", "Not/ Partially Mapped") -> Not/ Partially Mapped
B61: Ref | C61: Skills: | D61: A Personal Trainer must be able to:
B62: S4.1 | C62: Collect and analyse information | D62: · Collect the information required to design, tailor and coach an effective exercise programme. | K62: {=IF((AND(J62:J65=1)), "Fully Mapped", "Not/ Partially Mapped")} -> Not/ Partially Mapped | L62: =SUM('Workings Out'!I5:I33) -> 0
D63: · Obtain informed consent.
D64: · Conduct pre-exercise assessment screening to assess if client onward referral is advised and where necessary refer the client to a more appropriate professional.
D65: Seek and receive information from other relevant professionals concerning the client where indicated.
B66: S4.2 | C66: Conduct assessments | D66: · Educate client on purpose and value of pre-exercise assessments. | K66: {=IF((AND(J66:J75=1)), "Fully Mapped", "Not/ Partially Mapped")} -> Not/ Partially Mapped
D67: · Select assessments appropriate to the individual client.
D68: · Select assessments appropriate to the assessment conditions/equipment/time available.
D69: · Advise client of correct procedures, protocols and risks prior to commencing any physical assessment(s).
D70: · Supervise client physical assessment in a safe and effective manner.
D71: · Conduct basic postural analysis on client.
D72: · Interpret results/recorded data using accepted criteria.
D73: · Inform client of analysis outcomes and discuss and agree actions/goals (using language/terms understood by client/simplify technical information, effective use of communication and interpersonal skills).
D74: · Develop a summary profile of client to assist in the design of a safe and effective programme tailored to their specific needs.
D75: Undertake regular assessments/re-assessments to monitor client progress and achievement of goals.
B76: S4.3 | C76: Programme/ session planning and delivery | D76: · Plan timings and sequences for the session. | K76: {=IF((AND(J76:J85=1)), "Fully Mapped", "Not/ Partially Mapped")} -> Not/ Partially Mapped
D77: · Incorporate teaching strategies to enhance client performance.
D78: · Determine and vary modality and intensity of exercise.
D79: · Allocate equipment/resources required.
D80: · Link session to client goals (short/medium/long-term goals).
D81: · Incorporate warm-up and cool down activities appropriate to the session/individual.
D82: · Plan sessions in different environments to cover: gym, studio/sports hall, outdoors, client’s home or other confined space.
D83: · Plan sessions for both individuals and small groups.
D84: · Deliver sessions in different environments: e.g. gym, studio/sports hall, outdoors, client’s home or other confined space.
D85: Deliver sessions for both individuals and small groups.
B86: S4.4 | C86: Review programmes/ sessions | D86: · Evaluate the session against: session aims, SMART goals, activities, participant performance, own performance (preparation, delivery) and health and safety. | K86: {=IF((AND(J86:J89=1)), "Fully Mapped", "Not/ Partially Mapped")} -> Not/ Partially Mapped
D87: · Review client goals based on outcomes and revise programme accordingly.
D88: · Amend and improve future session plans and own performance based on evaluation and feedback from the client: e.g. according to chosen activities, exercise intensity, changes in circumstances etc.
D89: Give feedback to client based on review (timely, positive, relevant to goals etc).
B90: S4.5 | C90: Application of exercise science to programme design and delivery | D90: • Evidence the application of knowledge of: ­ The musculoskeletal system to programme design: e.g. musculoskeletal structure, muscle physiology, postural abnormalities, physiological adaptations to exercise, measuring exercise response, exercise risks. ­ Biomechanical concepts to programme design: e.g. resistance training equipment, exercise intensity, exercise safety and contraindications. ­ Physiological concepts to programme design: e.g. nervous and endocrine system, overtraining, effects of various environmental conditions on exercise response, effects of various individual factors on exercise response, dose-response relationship. ­ Cardio-respiratory system and energy systems to programme design: e.g. structure and function of the cardiorespiratory system, cardiac cycle, transport and gaseous exchange, aerobic and anaerobic systems, heart rate response to exercise, oxygen demands of different activities, physiological adaptations to exercise. | K90: =IF((AND(J90=1)), "Fully Mapped", "Not/ Partially Mapped") -> Not/ Partially Mapped
A91: 5. Exercise technique | B91: Ref | C91: K&U | D91: A Personal Trainer must:
B92: K5.1 | C92: Fitness training techniques | D92: • Understand a range of fitness training techniques: ­ Cardiovascular exercise: e.g. steady state, interval, fartlek. ­ Resistance exercise: e.g. a range of training systems, exercise equipment, fixed and free weights. ­ Functional exercise: e.g. movement patterns, muscle actions and components of fitness which mirror a client’s functional requirements. ­ Flexibility exercise, including: static, ballistic, dynamic and proprioceptive neuromuscular techniques (including the myotactic/stretch reflex) to facilitate increased range of motion. | K92: =IF((AND(J92=1)), "Fully Mapped", "Not/ Partially Mapped") -> Not/ Partially Mapped | L92: =SUM('Workings Out'!J5:J6) -> 0
B93: K5.2 | C93: Observe and adapt exercise technique | D93: • Know how to observe and monitor clients during sessions to maintain safety and effectiveness of exercise: ­ How to identify poor/incorrect exercise technique. ­ How to adapt, regress, progress and apply corrective strategies as required. ­ Signs and symptoms that indicate an unplanned change in intensity: e.g. excessive/insufficient effort. ­ How to modify and adapt exercises for a range of individual needs: e.g. offer alternatives that regress or progress an exercise. | K93: {=IF((AND(J93:J93=1)), "Fully Mapped", "Not/ Partially Mapped")} -> Not/ Partially Mapped
B94: Ref | C94: Skills: | D94: A Personal Trainer must be able to:
B95: S5.1 | C95: Fitness training techniques | D95: • Utilise appropriate teaching methods and skills to instruct: ­ Cardiovascular exercise: e.g. steady state, interval, fartlek. ­ Resistance exercise: e.g. a range of training systems, exercise equipment, fixed and free weight). ­ Functional exercise: e.g. movement patterns, muscle actions and components of fitness which mirror a client’s functional requirements. ­ Flexibility exercise: including static, ballistic, dynamic and proprioceptive neuromuscular techniques (including the myotactic/stretch reflex) to facilitate increased range of motion. | K95: {=IF((AND(J95:J95=1)), "Fully Mapped", "Not/ Partially Mapped")} -> Not/ Partially Mapped | L95: =SUM('Workings Out'!K5:K6) -> 0
B96: S5.2 | C96: Observe and adapt exercise technique | D96: • Observe and monitor clients during the session to ensure safety and effectiveness by: ­ Utilising explanations and demonstrations that are technically correct, safe and appropriate to the individual client. ­ Correcting exercise technique to ensure safe and effective alignment, execution and use of equipment. ­ Providing client specific instructing points, feedback, encouragement and reinforcement. ­ Offering adaptations and alternatives that meet a client’s individual needs and circumstances (progression, regression, corrective strategies and alternative exercises as required). ­ Modify and adapt exercises, sessions and programmes for a range of individual needs. | K96: =IF((AND(J96=1)), "Fully Mapped", "Not/ Partially Mapped") -> Not/ Partially Mapped
A97: 6. Nutrition | B97: Ref | C97: K&U | D97: A Personal Trainer must:
B98: K6.1 | C98: Principles of nutrition | D98: • Know the main nutrients and their food sources: ­ Food sources of carbohydrate, fats (saturated, un-saturated, essential fatty acids), protein, vitamins, minerals, water. | K98: {=IF((AND(J98:J100=1)), "Fully Mapped", "Not/ Partially Mapped")} -> Not/ Partially Mapped | L98: =SUM('Workings Out'!L5:L11) -> 0
D99: • Understand the importance of hydration, macro-nutrients and micro-nutrients and their functions.
D100: • Understand the influence of nutrition on health: ­ e.g. obesity, cholesterol, omega 3 and 6 ratio, cancer risk etc.
...

Sheet Mapping Results
B1: Mapping Breakdown shows a breakdown of the percentage that your course has mapped to each sections knowledge and skills criteria, and the overall percentage that your course has mapped to the professional standard
D2: Sections | E2: Specifications | F2: %worth of each section | G2: Total % covered of area | H2: Andy | I2: % covered of entire standard
B3: 1 | C3: Knowledge | D3: 9 | E3: 20 | F3: =100/E3 -> 5 | G3: =SUM('Mapping Template'!L5:L24) -> 0 | H3: =(E3/E22)*100 -> 17.699115 | I3: =(H3/100)*G3 -> 0
C4: Skills | D4: 1 | E4: 1 | F4: =100/E4 -> 100 | G4: =SUM('Mapping Template'!L26:L26) -> 0 | H4: {=(E4/_xlfn.ANCHORARRAY(E22))*100} -> 0.88495575 | I4: =(H4/100)*G4 -> 0
B5: 2 | C5: Knowledge | D5: 3 | E5: 4 | F5: =100/E5 -> 25 | G5: =SUM('Mapping Template'!L28:L31) -> 0 | H5: =(E5/E22)*100 -> 3.539823 | I5: =(H5/100)*G5 -> 0
C6: Skills | D6: 4 | E6: 8 | F6: =100/E6 -> 12.5 | G6: =SUM('Mapping Template'!L33:L40) -> 0 | H6: =(E6/E22)*100 -> 7.079646 | I6: =(H6/100)*G6 -> 0
B7: 3 | C7: Knowledge | D7: 3 | E7: 5 | F7: =100/E7 -> 20 | G7: =SUM('Mapping Template'!L42:L46) -> 0 | H7: =(E7/E22)*100 -> 4.4247788 | I7: =(H7/100)*G7 -> 0
C8: Skills | D8: 2 | E8: 2 | F8: =100/E8 -> 50 | G8: =SUM('Mapping Template'!L48:L49) -> 0 | H8: =(E8/E22)*100 -> 1.7699115 | I8: =(H8/100)*G8 -> 0
B9: 4 | C9: Knowledge | D9: 7 | E9: 10 | F9: =100/E9 -> 10 | G9: =SUM('Mapping Template'!L51:L60) -> 0 | H9: =(E9/E22)*100 -> 8.8495575 | I9: =(H9/100)*G9 -> 0
C10: Skills | D10: 5 | E10: 29 | F10: =100/E10 -> 3.4482759 | G10: =SUM('Mapping Template'!L62:L90) -> 0 | H10: =(E10/E22)*100 -> 25.663717 | I10: =(H10/100)*G10 -> 0
B11: 5 | C11: Knowledge | D11: 2 | E11: 2 | F11: =100/E11 -> 50 | G11: =SUM('Mapping Template'!L92:L93) -> 0 | H11: =(E11/E22)*100 -> 1.7699115 | I11: =(H11/100)*G11 -> 0
C12: Skills | D12: 2 | E12: 2 | F12: =100/E12 -> 50 | G12: =SUM('Mapping Template'!L95:L96) -> 0 | H12: =(E12/E22)*100 -> 1.7699115 | I12: =(H12/100)*G12 -> 0
B13: 6 | C13: Knowledge | D13: 4 | E13: 7 | F13: =100/E13 -> 14.285714 | G13: =SUM('Mapping Template'!L98:L104) -> 0 | H13: =(E13/E22)*100 -> 6.1946903 | I13: =(H13/100)*G13 -> 0
C14: Skills | D14: 3 | E14: 5 | F14: =100/E14 -> 20 | G14: =SUM('Mapping Template'!L106:L110) -> 0 | H14: =(E14/E22)*100 -> 4.4247788 | I14: =(H14/100)*G14 -> 0
B15: 7 | C15: Knowledge | D15: 3 | E15: 5 | F15: =100/E15 -> 20 | G15: =SUM('Mapping Template'!L112:L116) -> 0 | H15: =(E15/E22)*100 -> 4.4247788 | I15: =(H15/100)*G15 -> 0
C16: Skills | D16: 1 | E16: 1 | F16: =100/E16 -> 100 | G16: =SUM('Mapping Template'!L118:L118) -> 0 | H16: =(E16/$E$22)*100 -> 0.88495575 | I16: =(H16/100)*G16 -> 0
B17: 8 | C17: Knowledge | D17: 3 | E17: 3 | F17: =100/E17 -> 33.333333 | G17: =SUM('Mapping Template'!L120:L122) -> 0 | H17: =(E17/$E$22)*100 -> 2.6548673 | I17: =(H17/100)*G17 -> 0
C18: Skills | D18: 2 | E18: 3 | F18: =100/E18 -> 33.333333 | G18: =SUM('Mapping Template'!L124:L126) -> 0 | H18: =(E18/$E$22)*100 -> 2.6548673 | I18: =(H18/100)*G18 -> 0
B19: 9 | C19: Knowledge | D19: 2 | E19: 2 | F19: =100/E19 -> 50 | G19: =SUM('Mapping Template'!L128:L129) -> 0 | H19: =(E19/$E$22)*100 -> 1.7699115 | I19: =(H19/100)*G19 -> 0
C20: Skills | D20: 1 | E20: 1 | F20: =100/E20 -> 100 | G20: =SUM('Mapping Template'!L131) -> 0 | H20: =(E20/$E$22)*100 -> 0.88495575 | I20: =(H20/100)*G20 -> 0
B21: 10 | C21: Knowledge | D21: 3 | E21: 3 | F21: =100/E21 -> 33.333333 | G21: =SUM('Mapping Template'!L133:L135) -> 0 | H21: =(E21/$E$22)*100 -> 2.6548673 | I21: =(H21/100)*G21 -> 0
B22: Totals | D22: =SUM(D3:D16) -> 49 | E22: =SUM(E3:E21) -> 113 | H22: =SUM(H3:H21) -> 100 | I22: =SUM(I3:I21) -> 0

Sheet Feedback
A1: Standardised feedback comments | B1: Assessment methods
A2: Comprehensive evidence | B2: Assignment
A3: Sufficient evidence | B3: Case study
A4: Further evidence required | B4: Dissertation
B5: Exam
B6: Written test
B7: Listening test
B8: Oral test
B9: Performance/ practical
B10: Portfolio
B11: Professional discussion
B12: Project
B13: Simulation
B14: Online test
B15: Attendence only
B16: Multiple
B17: Other

Sheet Workings Out
A1: Calculating the totally percentage of knowledge/ skill covered in each section
B2: K1 | C2: S1 | D2: K2 | E2: S2 | F2: K3 | G2: S3 | H2: K4 | I2: S4 | J2: K5 | K2: S5 | L2: K6 | M2: S6 | N2: K7 | O2: S7 | P2: k8 | Q2: s8 | R2: k9 | S2: s9 | T2: k10
A3: % value | B3: 5 | C3: 100 | D3: 25 | E3: 12.5 | F3: 20 | G3: 50 | H3: 10 | I3: 3.4482759 | J3: 50 | K3: 50 | L3: 14.285714 | M3: 20 | N3: 20 | O3: 100 | P3: 33.333333 | Q3: 33.333333 | R3: 50 | S3: 100 | T3: 33.333333
A4: # spec | B4: 20 | C4: 1 | D4: 4 | E4: 8 | F4: 5 | G4: 2 | H4: 10 | I4: 29 | J4: 2 | K4: 2 | L4: 7 | M4: 5 | N4: 5 | O4: 1 | P4: 3 | Q4: 3 | R4: 2 | S4: 1 | T4: 3
A5: Sections | B5: =IF('Mapping Template'!$J5=1,B$3,0) -> 0 | C5: =IF('Mapping Template'!$J26=1,C$3,0) -> 0 | D5: =IF('Mapping Template'!$J28=1,D$3,0) -> 0 | E5: =IF('Mapping Template'!$J33=1,E$3,0) -> 0 | F5: =IF('Mapping Template'!$J42=1,F$3,0) -> 0 | G5: =IF('Mapping Template'!$J48=1,G$3,0) -> 0 | H5: =IF('Mapping Template'!$J51=1,H$3,0) -> 0 | I5: =IF('Mapping Template'!$J62=1,I$3,0) -> 0 | J5: =IF('Mapping Template'!$J92=1,J$3,0) -> 0 | K5: =IF('Mapping Template'!$J95=1,K$3,0) -> 0 | L5: =IF('Mapping Template'!$J98=1,L$3,0) -> 0 | M5: =IF('Mapping Template'!$J106=1,M$3,0) -> 0 | N5: =IF('Mapping Template'!$J112=1,N$3,0) -> 0 | O5: =IF('Mapping Template'!$J118=1,O$3,0) -> 0 | P5: =IF('Mapping Template'!$J120=1,P$3,0) -> 0 | Q5: =IF('Mapping Template'!$J124=1,Q$3,0) -> 0 | R5: =IF('Mapping Template'!$J128=1,R$3,0) -> 0 | S5: =IF('Mapping Template'!$J131=1,S$3,0) -> 0 | T5: =IF('Mapping Template'!$J133=1,T$3,0) -> 0
B6: =IF('Mapping Template'!$J6=1,B$3,0) -> 0 | D6: =IF('Mapping Template'!$J29=1,D$3,0) -> 0 | E6: =IF('Mapping Template'!$J34=1,E$3,0) -> 0 | F6: =IF('Mapping Template'!$J43=1,F$3,0) -> 0 | G6: =IF('Mapping Template'!$J49=1,G$3,0) -> 0 | H6: =IF('Mapping Template'!$J52=1,H$3,0) -> 0 | I6: =IF('Mapping Template'!$J63=1,I$3,0) -> 0 | J6: =IF('Mapping Template'!$J93=1,J$3,0) -> 0 | K6: =IF('Mapping Template'!$J96=1,K$3,0) -> 0 | L6: =IF('Mapping Template'!$J99=1,L$3,0) -> 0 | M6: =IF('Mapping Template'!$J107=1,M$3,0) -> 0 | N6: =IF('Mapping Template'!$J113=1,N$3,0) -> 0 | P6: =IF('Mapping Template'!$J121=1,P$3,0) -> 0 | Q6: =IF('Mapping Template'!$J125=1,Q$3,0) -> 0 | R6: =IF('Mapping Template'!$J129=1,R$3,0) -> 0 | T6: =IF('Mapping Template'!$J134=1,T$3,0) -> 0
B7: =IF('Mapping Template'!$J7=1,B$3,0) -> 0 | D7: =IF('Mapping Template'!$J30=1,D$3,0) -> 0 | E7: =IF('Mapping Template'!$J35=1,E$3,0) -> 0 | F7: =IF('Mapping Template'!$J44=1,F$3,0) -> 0 | H7: =IF('Mapping Template'!$J53=1,H$3,0) -> 0 | I7: =IF('Mapping Template'!$J64=1,I$3,0) -> 0 | L7: =IF('Mapping Template'!$J100=1,L$3,0) -> 0 | M7: =IF('Mapping Template'!$J108=1,M$3,0) -> 0 | N7: =IF('Mapping Template'!$J114=1,N$3,0) -> 0 | P7: =IF('Mapping Template'!$J122=1,P$3,0) -> 0 | Q7: =IF('Mapping Template'!$J126=1,Q$3,0) -> 0 | T7: =IF('Mapping Template'!$J135=1,T$3,0) -> 0
B8: =IF('Mapping Template'!$J8=1,B$3,0) -> 0 | D8: =IF('Mapping Template'!$J31=1,D$3,0) -> 0 | E8: =IF('Mapping Template'!$J36=1,E$3,0) -> 0 | F8: =IF('Mapping Template'!$J45=1,F$3,0) -> 0 | H8: =IF('Mapping Template'!$J54=1,H$3,0) -> 0 | I8: =IF('Mapping Template'!$J65=1,I$3,0) -> 0 | L8: =IF('Mapping Template'!$J101=1,L$3,0) -> 0 | M8: =IF('Mapping Template'!$J109=1,M$3,0) -> 0 | N8: =IF('Mapping Template'!$J115=1,N$3,0) -> 0
B9: =IF('Mapping Template'!$J9=1,B$3,0) -> 0 | E9: =IF('Mapping Template'!$J37=1,E$3,0) -> 0 | F9: =IF('Mapping Template'!$J46=1,F$3,0) -> 0 | H9: =IF('Mapping Template'!$J55=1,H$3,0) -> 0 | I9: =IF('Mapping Template'!$J66=1,I$3,0) -> 0 | L9: =IF('Mapping Template'!$J102=1,L$3,0) -> 0 | M9: =IF('Mapping Template'!$J110=1,M$3,0) -> 0 | N9: =IF('Mapping Template'!$J116=1,N$3,0) -> 0
B10: =IF('Mapping Template'!$J10=1,B$3,0) -> 0 | E10: =IF('Mapping Template'!$J38=1,E$3,0) -> 0 | H10: =IF('Mapping Template'!$J56=1,H$3,0) -> 0 | I10: =IF('Mapping Template'!$J67=1,I$3,0) -> 0 | L10: =IF('Mapping Template'!$J103=1,L$3,0) -> 0
B11: =IF('Mapping Template'!$J11=1,B$3,0) -> 0 | E11: =IF('Mapping Template'!$J39=1,E$3,0) -> 0 | H11: =IF('Mapping Template'!$J57=1,H$3,0) -> 0 | I11: =IF('Mapping Template'!$J68=1,I$3,0) -> 0 | L11: =IF('Mapping Template'!$J104=1,L$3,0) -> 0
B12: =IF('Mapping Template'!$J12=1,B$3,0) -> 0 | E12: =IF('Mapping Template'!$J40=1,E$3,0) -> 0 | H12: =IF('Mapping Template'!$J58=1,H$3,0) -> 0 | I12: =IF('Mapping Template'!$J69=1,I$3,0) -> 0
B13: =IF('Mapping Template'!$J13=1,B$3,0) -> 0 | H13: =IF('Mapping Template'!$J59=1,H$3,0) -> 0 | I13: =IF('Mapping Template'!$J70=1,I$3,0) -> 0
B14: =IF('Mapping Template'!$J14=1,B$3,0) -> 0 | H14: =IF('Mapping Template'!$J60=1,H$3,0) -> 0 | I14: =IF('Mapping Template'!$J71=1,I$3,0) -> 0
B15: =IF('Mapping Template'!$J15=1,B$3,0) -> 0 | I15: =IF('Mapping Template'!$J72=1,I$3,0) -> 0
B16: =IF('Mapping Template'!$J16=1,B$3,0) -> 0 | I16: =IF('Mapping Template'!$J73=1,I$3,0) -> 0
B17: =IF('Mapping Template'!$J17=1,B$3,0) -> 0 | I17: =IF('Mapping Template'!$J74=1,I$3,0) -> 0
B18: =IF('Mapping Template'!$J18=1,B$3,0) -> 0 | I18: =IF('Mapping Template'!$J75=1,I$3,0) -> 0
B19: =IF('Mapping Template'!$J19=1,B$3,0) -> 0 | I19: =IF('Mapping Template'!$J76=1,I$3,0) -> 0
B20: =IF('Mapping Template'!$J20=1,B$3,0) -> 0 | I20: =IF('Mapping Template'!$J77=1,I$3,0) -> 0
B21: =IF('Mapping Template'!$J21=1,B$3,0) -> 0 | I21: =IF('Mapping Template'!$J78=1,I$3,0) -> 0
B22: =IF('Mapping Template'!$J22=1,B$3,0) -> 0 | I22: =IF('Mapping Template'!$J79=1,I$3,0) -> 0
B23: =IF('Mapping Template'!$J23=1,B$3,0) -> 0 | I23: =IF('Mapping Template'!$J80=1,I$3,0) -> 0
B24: =IF('Mapping Template'!$J24=1,B$3,0) -> 0 | I24: =IF('Mapping Template'!$J81=1,I$3,0) -> 0
I25: =IF('Mapping Template'!$J82=1,I$3,0) -> 0
I26: =IF('Mapping Template'!$J83=1,I$3,0) -> 0
I27: =IF('Mapping Template'!$J84=1,I$3,0) -> 0
I28: =IF('Mapping Template'!$J85=1,I$3,0) -> 0
I29: =IF('Mapping Template'!$J86=1,I$3,0) -> 0
I30: =IF('Mapping Template'!$J87=1,I$3,0) -> 0
I31: =IF('Mapping Template'!$J88=1,I$3,0) -> 0
I32: =IF('Mapping Template'!$J89=1,I$3,0) -> 0
I33: =IF('Mapping Template'!$J90=1,I$3,0) -> 0
